 Dungeon Crawl Stone Soup version 0.14-a0-805-gc239e29 (webtiles) character file.

10892 Egon the Arsonist (level 11, 0/98 HPs)
             Began as a Djinni Wizard on Nov 11, 2013.
             Was an Elder of Vehumet.
             Slain by a manticore (5 damage)
             ... on Level 9 of the Dungeon on Nov 12, 2013.
             The game lasted 01:22:12 (20846 turns).

Egon the Arsonist (Djinni Wizard)                  Turns: 20846, Time: 01:22:13

HP   0/98        AC 11     Str  8      XL: 11   Next: 35%
MP   0/0         EV 13     Int 26      God: Vehumet [****..]
Gold 495         SH  0     Dex 11      Spells:  8 memorised,  1 level left

Res.Fire  : + + +   See Invis. : +   a - +4,+2 whip
Res.Cold  : x . .   Warding    : .   w - +0 elf leather armour
Life Prot.: + + +   Conserve   : +   (no shield)
Res.Poison: +       Res.Corr.  : +   b - +0 wizard hat
Res.Elec. : .       Clarity    : .   C - +1 cloak {rCorr, Cons}
Sust.Abil.: . .     Spirit.Shd : .   z - +5 pair of gloves "Threnu" {rPois Int+2 SInv}
Res.Mut.  : .       Stasis     : .   (boots unavailable)
Res.Rott. : .       Flight     : +   (no amulet)
Saprovore : . . .                    l - +3 ring of evasion
                                     t - +2 ring of intelligence

@: flying, somewhat resistant to hostile enchantments, unstealthy
A: fire immunity, cold vulnerability, life protection 3, +10% hp
a: Renounce Religion


You were on level 9 of the Dungeon.
You worshipped Vehumet.
Vehumet was greatly pleased with you.
You were not hungry.

You visited 3 branches of the dungeon, and saw 12 of its levels.

You collected 761 gold pieces.
You spent 266 gold pieces at shops.

Inventory:

Hand weapons
 a - a +4,+2 whip (weapon)
Armour
 b - a +0 wizard hat (worn)
 w - a +0 elven leather armour (worn)
 z - the +5 pair of gloves "Threnu" (worn) {rPois Int+2 SInv}
   (You bought it in a shop on level 4 of the Dungeon)

   It affects your intelligence (+2).
   It protects you from poison.
   It enhances your eyesight.
 C - a +1 cloak of preservation (worn)
Magical devices
 m - a wand of teleportation (4)
 v - a wand of fire (3)
 H - a wand of confusion (5) {unknown}
Comestibles
 r - a royal jelly
Scrolls
 e - 2 scrolls of enchant weapon I
 g - 2 scrolls of fog
 h - a scroll of teleportation
 j - 3 scrolls of identify
 k - 4 scrolls of blinking
 u - a scroll of remove curse
 A - a scroll of magic mapping
 B - a scroll of curse weapon {unknown}
Jewellery
 l - a +3 ring of evasion (right hand)
 p - an uncursed amulet of inaccuracy {unknown}
 t - a +2 ring of intelligence (left hand)
Potions
 f - a potion of heal wounds
 n - 2 potions of speed
 q - 4 potions of curing
 D - a potion of might {unknown}
Books
 o - a book of Flames

   Spells                             Type                      Level
   *Flame Tongue                      Conjuration/Fire             1
   *Throw Flame                       Conjuration/Fire             2
   *Conjure Flame                     Conjuration/Fire             3
   Inner Flame                        Hexes/Fire                   3
   Sticky Flame                       Conjuration/Fire             4
   *Fireball                          Conjuration/Fire             5
 x - a book of Party Tricks

   Spells                             Type                      Level
   Summon Butterflies                 Summoning                    1
   Apportation                        Translocation                1
   *Blink                             Translocation                2
   Alistair's Intoxication            Transmutation/Poison         4
   Tukima's Dance                     Hexes                        5
Magical staves
 s - an uncursed staff of death
 y - an uncursed staff of air
Miscellaneous
 c - an ornate deck of wonders
 d - a disc of storms
 i - a plain deck of dungeons


   Skills:
 - Level 8.0 Fighting
 - Level 1.7 Dodging
 - Level 1.5 Stealth
 - Level 5.0 Spellcasting
 + Level 12.3 Conjurations
   Level 1.0 Summonings
 - Level 1.0 Translocations
 + Level 14.2 Fire Magic
 - Level 1.0 Air Magic
 - Level 1.0 Poison Magic


You had one spell level left.
You knew the following spells:

 Your Spells              Type           Power        Failure   Level  Hunger
a - Flame Tongue          Conj/Fire      #####        1%          1    None
b - Throw Flame           Conj/Fire      ######       1%          2    None
c - Mephitic Cloud        Conj/Pois/Air  ####....     1%          3    ##.....
d - Conjure Flame         Conj/Fire      ######..     1%          3    ##.....
e - Repel Missiles        Chrm/Air       #.........   12%         2    None
f - Fireball              Conj/Fire      ######....   1%          5    #####..
k - Blink                 Tloc           N/A          10%         2    None
t - Magic Dart            Conj           ####         1%          1    None


Dungeon Overview and Level Annotations

Branches:
Dungeon (10/27)            Temple (1/1) D:5            Lair (1/8) D:8
    Orc: D:6-11

Altars:
Ashenzari
Cheibriados
Elyvilon
Fedhas
Kikubaaqudgha
Makhleb
Nemelex Xobeh
Okawaru
Sif Muna
Trog
Vehumet
Xom
Yredelemnul
Zin
the Shining One

Shops:
D:4 [   D:7 [   D:8 ?


Innate Abilities, Weirdness & Mutations

You are immune to all types of fire, even holy and hellish.
You are vulnerable to cold.
You need no food.
You have no legs.
You are immune to negative energy.
You are robust (+10% HP).


Message History

Confirm with . or Enter, or press ? or * to list all spells.
Aiming: Flame Tongue
Press: ? - help, Shift-Dir - straight line, f/p - manticore
Aim: a manticore (almost dead)
The flame misses the manticore.
Casting: Flame Tongue
Confirm with . or Enter, or press ? or * to list all spells.
Aiming: Flame Tongue
Press: ? - help, Shift-Dir - straight line, f/p - manticore
Aim: a manticore (almost dead)
The flame misses the manticore.
The manticore barely misses you.
The manticore claws you but does no damage.
Casting: Flame Tongue
Confirm with . or Enter, or press ? or * to list all spells.
Aiming: Flame Tongue
Press: ? - help, Shift-Dir - straight line, f/p - manticore
Aim: a manticore (almost dead)
The flame misses the manticore.
The manticore misses you. The manticore claws you.
You die...

#.# #.. #.# ###
####.### #......#
###### #%.....#
#(.... #......#
#.##..
#......######.##..
#.................
#@H....######....#
#############....#
#............
#...........#
#........#.##
#......(.....
#........#.##
#.....[..#.#
######........#.#


You could see a manticore.

Vanquished Creatures
  Joseph (D:8)
  A troll (D:10)
  3 komodo dragons
  5 yaks
  2 wyverns (D:8)
  A hungry ghost (D:8)
  A hippogriff (Lair:1)
  2 manticores (D:10)
  The ghost of miro the Magician, an average HEWz (D:4)
  3 ice beasts
  A necrophage (D:9)
  2 porcupines (Lair:1)
  A swamp drake (D:8)
  3 orc warriors
  A sky beast (D:5)
  2 crocodiles (D:8)
  7 ogres
  A big kobold (D:10)
  3 centaurs
  A water moccasin (Lair:1)
  7 giant frogs
  A wyvern skeleton (D:8)
  8 wights
  8 killer bees
  A troll skeleton (D:9)
  A giant frog zombie (D:9)
  6 crimson imps
  A centaur zombie (D:7)
  6 hounds
  6 orc priests
  Crazy Yiuf (D:7)
  3 giant frog skeletons
  7 iguanas
  2 jellies (D:5)
  3 scorpions
  7 orc wizards
  6 worker ants
  An ogre zombie (D:8)
  4 gnolls (D:2)
  15 adders
  A giant centipede (D:10)
  4 worms
  A giant mite (D:4)
  An adder zombie (D:8)
  A giant eyeball (D:7)
  41 orcs
  A ball python (D:2)
  19 bats
  4 giant cockroaches
  9 hobgoblins
  10 jackals
  3 quokkas
  5 giant geckos
  14 giant newts
  12 goblins
  A hobgoblin skeleton (D:3)
  2 jackal skeletons
  19 kobolds
  2 kobold skeletons
  An orc skeleton (D:4)
  An orc zombie (D:5)
  15 rats
  A rat skeleton (D:5)
  8 ballistomycetes (D:6)
  4 butterflies (D:8)
316 creatures vanquished.

Vanquished Creatures (collateral kills)
  A killer bee (D:7)
1 creature vanquished.

Vanquished Creatures (others)
  A quokka (D:2)
  A bat (D:2)
  A giant spore (D:6)
3 creatures vanquished.

Grand Total: 320 creatures vanquished

Notes
Turn   | Place    | Note
--------------------------------------------------------------
     0 | D:1      | Egon, the Djinni Wizard, began the quest for the Orb.
     0 | D:1      | Reached XP level 1. HP: 14/14 MP: 0/0
   257 | D:1      | Reached XP level 2. EP: 9/22
   323 | D:1      | Learned a level 2 spell: Blink
   580 | D:1      | Reached skill level 4 in Spellcasting
  1117 | D:1      | Reached XP level 3. EP: 16/29
  1122 | D:1      | Learned a level 3 spell: Mephitic Cloud
  1126 | D:1      | Learned a level 3 spell: Conjure Flame
  1501 | D:2      | Reached XP level 4. EP: 24/37
  1559 | D:2      | Learned a level 2 spell: Repel Missiles
  2009 | D:2      | Found a white marble altar of Elyvilon.
  2060 | D:2      | Reached skill level 1 in Fire Magic
  2081 | D:2      | Reached skill level 1 in Air Magic
  2305 | D:2      | Found a white marble altar of Elyvilon.
  2476 | D:3      | Reached skill level 1 in Poison Magic
  3102 | D:3      | Reached XP level 5. EP: 36/43
  3245 | D:3      | Found a sparkling altar of Nemelex Xobeh.
  3929 | D:3      | Found a sparkling altar of Nemelex Xobeh.
  4445 | D:4      | Reached skill level 5 in Conjurations
  4445 | D:4      | Reached XP level 6. EP: 17/51
  4937 | D:4      | Found Biarphaum's Antique Armour Boutique.
  4941 | D:4      | Noticed miro's ghost (average HEWz)
  5344 | D:4      | Bought a pair of shimmering gloves for 173 gold pieces
  5347 | D:4      | Identified the +5 pair of gloves "Threnu" {rPois Int+2 SInv} (You bought it in a shop on level 4 of the Dungeon)
  5445 | D:4      | Reached skill level 6 in Conjurations
  6003 | D:4      | Killed miro's ghost
  6358 | D:4      | Found Biarphaum's Antique Armour Boutique.
  6762 | D:5      | Entered Level 5 of the Dungeon
  6794 | D:5      | Reached XP level 7. EP: 46/59
  6937 | D:5      | Found a staircase to the Ecumenical Temple.
  6946 | Temple   | Entered the Ecumenical Temple
  6989 | Temple   | Became a worshipper of Vehumet
  7425 | D:5      | Meowch: woot! lvl 7 already! go go go
  7952 | D:6      | Reached skill level 5 in Fighting
  8193 | D:5      | Found a staircase to the Ecumenical Temple.
  8389 | D:5      | Reached XP level 8. EP: 35/69
  8741 | D:6      | Found a sparkling altar of Nemelex Xobeh.
  9419 | D:6      | Reached skill level 7 in Fighting
 10075 | D:6      | Found an ancient bone altar of Kikubaaqudgha.
 10130 | Temple   | Gained mutation: You are robust (+10% HP). [potion of beneficial mutation]
 10180 | D:6      | Reached skill level 8 in Fighting
 10325 | D:6      | Found a burning altar of Makhleb.
 10416 | D:6      | Found a glowing silver altar of Zin.
 10654 | D:7      | Reached skill level 5 in Spellcasting
 10796 | D:7      | Found Guteq's Armour Shoppe.
 10799 | D:7      | Acquired Vehumet's first power
 10799 | D:7      | Offered knowledge of Shock by Vehumet.
 10880 | D:7      | Paralysed by a goblin for 2 turns
 11315 | D:6      | Reached XP level 9. EP: 74/83
 11414 | D:7      | Noticed Crazy Yiuf
 11425 | D:7      | Killed Crazy Yiuf
 11433 | D:7      | Identified a +1 cloak of preservation (You took it off Crazy Yiuf on level 7 of the Dungeon)
 11608 | D:7      | Reached skill level 5 in Fire Magic
 12296 | D:7      | Reached skill level 10 in Conjurations
 12296 | D:7      | Reached skill level 12 in Fire Magic
 12296 | D:7      | Reached XP level 10. EP: 91/91
 12383 | D:8      | Found Juyhuef's Magic Scroll Emporium.
 12396 | D:8      | Bought a scroll of blinking for 60 gold pieces
 12399 | D:8      | Bought a scroll of teleportation for 33 gold pieces
 12546 | D:8      | Found a shimmering altar of Xom.
 12666 | D:8      | Offered knowledge of Flame Tongue by Vehumet.
 12669 | D:8      | Learned a level 1 spell: Flame Tongue
 12718 | D:8      | Noticed Joseph
 13050 | D:8      | Found a deep blue altar of Sif Muna.
 13086 | D:8      | Identified Sif Muna's Tome of Shape Shifting
 13239 | D:8      | Killed Joseph
 13818 | D:8      | Found a staircase to the Lair.
 14317 | Lair:1   | Entered Level 1 of the Lair of Beasts
 14737 | Lair:1   | Reached skill level 13 in Fire Magic
 15528 | Lair:1   | Reached XP level 11. EP: 82/98
 15739 | Lair:1   | Offered knowledge of Throw Flame by Vehumet.
 15743 | Lair:1   | Learned a level 2 spell: Throw Flame
 16599 | D:9      | Learned a level 5 spell: Fireball
 16798 | D:9      | Acquired Vehumet's second power
 17649 | D:9      | Offered knowledge of Olgreb's Toxic Radiance by Vehumet.
 17989 | D:10     | Entered Level 10 of the Dungeon
 19209 | D:10     | Reached skill level 14 in Fire Magic
 19972 | D:10     | Acquired Vehumet's third power
 20296 | D:10     | Offered knowledge of Bolt of Magma by Vehumet.
 20846 | D:9      | Slain by a manticore

Action                   |  1- 3 |  4- 6 |  7- 9 | 10-12 || total
-------------------------+-------+-------+-------+-------++-------
Melee: Dagger            |     2 |       |       |       ||     2
       Whip              |    19 |    42 |   115 |    23 ||   199
 Cast: Magic Dart        |    54 |   171 |   311 |    53 ||   589
       Mephitic Cloud    |     2 |     8 |    21 |    25 ||    56
       Conjure Flame     |       |     6 |    12 |    16 ||    34
       Flame Tongue      |       |       |       |   377 ||   377
       Blink             |       |       |       |     2 ||     2
       Throw Flame       |       |       |       |    79 ||    79
       Fireball          |       |       |       |     1 ||     1
Evoke: Wand              |       |       |     1 |     6 ||     7
  Use: Scroll            |     1 |       |    19 |     6 ||    26
       Potion            |     1 |       |     2 |       ||     3
 Stab: Confused          |       |     1 |       |       ||     1
       Paralysed         |       |       |     1 |       ||     1
